 Dungeon Crawl Stone Soup version 0.31-a0-986-g5e6e4ef867 (console) character file.

Game seed: 14995631355063998980

1548 petzl the Thaumaturge (level 9, -1/65 HPs)
             Began as a Formicid Delver on Nov 17, 2023.
             Slain by a human
             ... wielding a +2 heavy hand axe
              (7 damage)
             ... in a bailey.
             The game lasted 00:27:22 (6234 turns).

petzl the Thaumaturge (Formicid Delver)             Turns: 6234, Time: 00:27:23

Health: -1/65      AC: 10    Str: 17    XL:     9   Next: 12%
Magic:  21/21      EV: 10    Int: 14    God:
Gold:   185        SH:  5    Dex: 15    Spells: 24/24 levels left

rFire   . . .        b - +1 quarterstaff
rCold   . . .        (no shield)
rNeg    . . .        g - +1 scale mail {rPois}
rPois   +            (helmet unavailable)
rElec   .            (no cloak)
rCorr   .            D - +1 Delatra's gloves {ID++}
SInv    +            (no boots)
Will    .....        y - amulet of reflection
Stlth   ++           s - ring of flight
HPRegen 0.30/turn    (no ring)
MPRegen 0.17/turn

%: reflection
@: flying
A: permanent stasis, dig shafts and tunnels, antennae 3, four strong arms
a: Dig


You were in a bailey.
You visited 1 branch of the dungeon, and saw 9 of its levels.
You also visited: Bailey.

You collected 185 gold pieces.

Inventory:

Hand Weapons
 a - a +0 orcbow
 b - a +1 quarterstaff (weapon)
 l - a +0 flail of holy wrath
 r - a +1 short sword of electrocution
 t - a +2 spear of flaming {!f =f}
 H - a +1 rapier of freezing
Missiles
 q - 2 poisoned darts
Armour
 g - a +1 scale mail of poison resistance (worn)
 D - the +1 Delatra's gloves (worn) {ID++}
   (You found it on level 4 of the Dungeon)

   ID++:      It heals its wearer when they drink unknown potions, and restores
   their MP when they read unknown scrolls.
Jewellery
 s - a ring of flight (left hand)
 y - an amulet of reflection (around neck)
 B - a ring of magical power
Wands
 f - a wand of digging (3)
 x - a wand of iceblast (1)
 E - a wand of flame (21)
Scrolls
 c - 3 scrolls of fog
 e - a scroll of fear
 i - a scroll of enchant armour
 j - a scroll of enchant weapon
 k - 2 scrolls of identify
 n - 3 scrolls of immolation
 v - a scroll of noise {unknown}
 z - a scroll of amnesia {unknown}
 A - a scroll of vulnerability
Potions
 h - a potion of heal wounds
 m - a potion of haste {unknown}
 o - 3 potions of berserk rage
 p - a potion of curing
 u - a potion of mutation {unknown}
 w - a potion of enlightenment {unknown}
 C - a potion of magic {unknown}
 F - a potion of ambrosia {unknown}
 G - a potion of might {unknown}


   Skills:
 + Level 3.9 Fighting
 - Level 2.2 Maces & Flails
 + Level 1.2 Ranged Weapons
 - Level 6.0 Armour
 - Level 2.0 Dodging
 - Level 6.1 Stealth
 + Level 8.4 Spellcasting
 + Level 1.5 Evocations


You had 24 spell levels left.
You didn't know any spells.
Your spell library contained the following spells:

 Spells                   Type           Power      Damage    Failure   Level
 Ensorcelled Hibernation  Hex/Ice        10%        N/A       50%         2
 Lesser Beckoning         Tloc           10%        N/A       50%         2
 Momentum Strike          Conj/Tloc      10%        3d8       50%         2
 Passwall                 Tmut/Erth      4%         N/A       50%         2
 Call Canine Familiar     Summ           5%         N/A       73%         3
 Inner Flame              Hex/Fire       5%         N/A       73%         3
 Sigil of Binding         Hex            5%         N/A       73%         3
 Animate Dead             Necr           5%         N/A       98%         4
 Dimensional Bullseye     Hex/Tloc       2%         N/A       98%         4
 Leda's Liquefaction      Hex/Erth       2%         N/A       98%         4
 Yara's Violent Unravell  Hex/Tmut       2%         3d3       100%        5
 Enfeeble                 Hex            2%         N/A       100%        7
 Haunt                    Necr/Summ      2%         N/A       100%        7
 Infestation              Necr           2%         N/A       100%        8
 Blink                    Tloc           Unusable   N/A       N/A         2
 Swiftness                Air            Unusable   N/A       N/A         3

Dungeon Overview and Level Annotations

Branches:
Dungeon (9/15)                Orc (0/2) D:9          Bailey (1/1)
 Temple: D:4-7         Lair: D:8-11

Altars:


Innate Abilities, Weirdness & Mutations

You cannot be hasted, slowed, berserked, paralysed or teleported.
You can dig through walls and to a lower floor.
You have a pair of large antennae on your head. (SInv)
Your four strong arms can wield two-handed weapons with a shield.


Message History

The iceblast engulfs the human!
The human is moderately wounded.
You hear a croak. x2; You hear a loud, deep croak!
You hear a croak.
You hear a loud, deep croak!
The human hits you but does no damage.
You hear a croak.
The human attacks as it pursues you!
The human hits you with a +2 heavy hand axe!
Aiming: Iceblast
Press: ? - help, Shift-Dir - straight line, p - human The mass of ice explodes!
The iceblast engulfs the human!
The human is severely wounded.
The iceblast engulfs the human!
The human is heavily wounded.
You hear a croak.
The human hits you with a +2 heavy hand axe!
* * * LOW HITPOINT WARNING * * *
The human hits you but does no damage.
You hear a loud, deep croak!
As you read the scroll of fear, it crumbles to dust.
You assume a fearsome visage.
The human looks frightened! x2
The gnoll looks frightened!
The hobgoblin looks frightened!
The human looks frightened!
The goblin looks frightened!
You hear a loud, deep croak!
You hear a croak.
The human gives up.
The goblin begs, "Please don't kill me!"
You hear a croak.
You hit the human but do no damage.
Your attack snaps the human out of its fear.
The human is severely wounded.
A goblin comes into view. It is wielding a +0 hand axe.
The human hits you with a +2 heavy hand axe!
* * * LOW HITPOINT WARNING * * *
A human opens the door.
A bullfrog comes into view. x3 2 bullfrogs come into view.
You barely miss the human.
The human is severely wounded.
The human hits you with a +2 heavy hand axe!
You die...

### #..
#..##
#...# { {
#...#~~
##...#F~
#...g#F~~
{{
,,#g#F#
##gpp##
#.....#
#.∩p∩.#
#...@.#
##...##
#####


You could see 3 humans, 3 bullfrogs, a hobgoblin (fleeing) and 2 goblins.

Vanquished Creatures
  A yak (D:5)
  A wyvern (D:5)
  A water moccasin (D:7)
  An ice beast (D:5)
  2 black bears
  A centaur (D:6)
  A bullfrog (D:7)
  A scorpion (D:6)
  An orc priest (D:7)
  A hound (D:5)
  Ijyb (D:5)
  5 iguanas
  6 orc wizards
  4 gnolls (D:7)
  9 adders
  A shadow imp (D:6)
  3 white imps
  A worm (D:3)
  A dart slug (D:3)
  23 orcs
  12 ball pythons
  6 endoplasms
  5 giant cockroaches
  13 goblins
  8 hobgoblins
  4 jackals (D:4)
  6 kobolds
  4 quokkas
  11 bats
  3 frilled lizards (D:1)
  6 rats
143 creatures vanquished.

Notes
Turn   | Place    | Note
-------+----------+-------------------------------------------
     0 | D:5      | petzl the Formicid Delver began the quest for the Orb.
     0 | D:5      | Reached XP level 1. HP: 18/18 MP: 1/1
    22 | D:6      | Noticed an iguana
   104 | D:3      | Reached XP level 2. HP: 7/24 MP: 2/2
   274 | D:4      | Noticed a black bear
   282 | D:4      | Killed a black bear
   283 | D:4      | Reached skill level 3 in Spellcasting
   283 | D:4      | Reached XP level 3. HP: 19/29 MP: 2/8
   283 | D:4      | Reached XP level 4. HP: 23/35 MP: 2/9
   283 | D:4      | Reached XP level 5. HP: 27/41 MP: 2/10
   589 | D:2      | Reached skill level 4 in Spellcasting
  2126 | D:3      | Reached XP level 6. HP: 47/47 MP: 13/13
  2326 | D:3      | Reached skill level 5 in Spellcasting
  2784 | D:4      | Noticed an orc warrior
  2812 | D:4      | You are sucked into a shaft and drop 2 floors!
  3459 | D:4      | Found the +1 Delatra's gloves {ID++}
  3524 | D:4      | Reached skill level 1 in Armour
  4047 | D:4      | Reached XP level 7. HP: 46/52 MP: 15/15
  4140 | D:5      | Noticed Ijyb
  4423 | D:6      | Reached skill level 6 in Spellcasting
  4506 | D:5      | Killed Ijyb
  4662 | D:5      | Noticed a wyvern
  4667 | D:5      | Noticed a yak
  4677 | D:5      | Killed a wyvern
  4678 | D:5      | Reached XP level 8. HP: 38/58 MP: 16/18
  4686 | D:5      | Killed a yak
  4687 | D:5      | Reached skill level 7 in Spellcasting
  4699 | D:5      | Reached skill level 5 in Armour
  5321 | D:6      | Reached skill level 8 in Spellcasting
  5802 | D:7      | Reached XP level 9. HP: 60/65 MP: 21/21
  5971 | D:7      | Reached skill level 1 in Ranged Weapons
  5971 | D:7      | Reached skill level 1 in Evocations
  5985 | D:7      | You are sucked into a shaft and drop 1 floor!
  6037 | D:8      | You are sucked into a shaft and drop 1 floor!
  6068 | D:9      | Noticed a troll
  6184 | D:9      | Found a flagged portal.
  6212 | Bailey   | Entered a bailey
  6234 | Bailey   | Slain by a human

Illustrated notes

Levels and vault maps discovered:
D:1:      minmay_arrival_checkered_box, layout_loops_ring
D:2:      layout_basic, minmay_pentomino_r4
D:3:      layout_basic, serial_curves, eino_curves_01, eino_curves_01,
          eino_curves_03, eino_curves_01, st_stairs_14,
          chequers_serial_rivers_micro_e
D:4:      layout_basic, pf_guarded_unrand_delatra
D:5:      layout_basic, minmay_chambers_of_fives, uniq_ijyb
D:6:      layout_rooms, roderic_batcave, minivault_26
D:7:      layout_gridville, minmay_temple_entry_purple_smoke
D:8:      erik_cavepeople, layout_loops_ring, nicolae_sif_muna_condensation,
          due_lair_maze_entry_diamond, minmay_misc_feat_nine_boxes,
          chequers_hall_statues_y
D:9:      layout_irregular_city, orc_david_3, enter_bailey_5,
          minmay_ruined_shrine
Bailey:   bailey_axe_froggy_fort_hellmonk, bailey

Skill      XL: |  1  2  3  4  5  6  7  8  9 |
---------------+----------------------------+-----
Dodging        | 2 |  2.0
Spellcasting   | 3 4 5 6 8 |  8.4
Armour         | 1 4 6 |  6.0
Ranged Weapons | 1 |  1.2
Evocations     | 1 |  1.5
Fighting       | |  3.9
Maces & Flails | |  2.2
Stealth        | |  6.1

Action                     |  1- 3 |  4- 6 |  7- 9 || total
---------------------------+-------+-------+-------++-------
  Melee: Mace              |    16 |       |       ||    16
         Quarterstaff      |     6 |   303 |   167 ||   476
         Punch             |     1 |     5 |     2 ||     8
         Spear             |       |       |    11 ||    11
   Fire: Orcbow            |       |       |    28 ||    28
Ability: Shaft Self        |       |     1 |     2 ||     3
  Evoke: Wand              |       |       |    11 ||    11
    Use: Potion            |       |     5 |       ||     5
         Scroll            |       |     3 |     3 ||     6
   Stab: Sleeping          |     1 |     5 |       ||     6
 Armour: Scale mail        |    27 |   218 |   176 ||   421
  Dodge: Dodged            |    13 |   134 |    94 ||   241
  Block: Other             |       |    34 |    55 ||    89
         Reflection        |       |     2 |     2 ||     4

Table legend: (Time is in decaauts)
 A = Elapsed time spent in this place.
 B = Non-inter-level travel time spent in this place.
 C = Inter-level travel time spent in this place.
 D = Time resting spent in this place.
 E = Time spent auto-exploring this place.
 F = Levels seen in this place.
 G = Mean time per level.
                   A        B        C        D        E       F      G
               +--------+--------+--------+--------+--------+-----+--------+
         Total |   6377 |   6150 |    227 |   1110 |   2756 |  10 |  637.7 |
       Dungeon |   6353 |   6126 |    227 |   1110 |   2756 |   9 |  705.9 |
        Bailey |     23 |     23 |      0 |      0 |      0 |   1 |   23.0 |
               +--------+--------+--------+--------+--------+-----+--------+

Top non-repeatable levels by time:
     D:4: 1385 daAuts
     D:5: 1085 daAuts
     D:3: 923 daAuts
     D:1: 870 daAuts
     D:2: 753 daAuts
     D:6: 667 daAuts
     D:7: 437 daAuts
     D:9: 178 daAuts
     D:8: 51 daAuts
  Bailey: 23 daAuts
